 Dungeon Crawl Stone Soup version 0.30.1-11-g7821555f0a (webtiles) character file.

Game seed: 6482620613427198087

98 Martska the Trooper (level 4, -8/29 HPs)
             Began as a Gargoyle Fighter on Dec 14, 2023.
             Killed from afar by an orc wizard (10 damage)
             ... with a magic dart
             ... on level 3 of the Dungeon.
             The game lasted 00:02:30 (1852 turns).

Martska the Trooper (Gargoyle Fighter)              Turns: 1852, Time: 00:02:31

Health: -8/29      AC: 10    Str: 20 (21) XL:     4   Next: 69%
Magic:  4/4        EV:  9    Int:  6 (9)  God:
Gold:   100        SH:  0    Dex:  7 (9)  Spells: 3/3 levels left

rFire   . . .        a - +0 flail
rCold   . . .        c - +0 buckler
rNeg    + . .        b - +0 scale mail
rPois   ∞            (no helmet)
rElec   +            (no cloak)
rCorr   .            (no gloves)
SInv    .            (no boots)
Will    .....        (no amulet) Stlth
                     (no ring)
HPRegen 0.24/turn    (no ring)
MPRegen 0.09/turn

%: no passive effects
@: confused
A: sickness immunity, AC +3, negative energy resistance 1, electricity
resistance, torment resistance 1, petrification resistance
a: no special abilities


You were on level 3 of the Dungeon.
You visited 1 branch of the dungeon, and saw 3 of its levels.

You collected 100 gold pieces.

Inventory:

Hand Weapons
 a - a +0 flail (weapon)
 o - a +3 scimitar
 q - a +2 dagger of draining
Armour
 b - a +0 scale mail (worn)
 c - a +0 buckler (worn)
Scrolls
 d - a scroll of summoning {unknown}
 e - 2 scrolls of vulnerability {unknown}
 h - 2 scrolls of fog {unknown}
 i - a scroll of poison {unknown}
 j - a scroll of torment {unknown}
 k - a scroll of enchant armour {unknown}
 m - a scroll of amnesia {unknown}
 p - 3 scrolls of identify {unknown}
 s - a scroll of noise {unknown}
 t - a scroll of teleportation {unknown}
Potions
 f - a potion of attraction {unknown}
 g - a potion of mutation {unknown}
 l - a potion of flight {unknown}
 n - a potion of brilliance {unknown}
 r - a potion of lignification {unknown}
 u - a potion of haste {unknown}


   Skills:
 * Level 4.1 Fighting
 * Level 2.9 Maces & Flails
 + Level 3.6 Armour
 * Level 1.5 Dodging
 + Level 3.6 Shields


You had 3 spell levels left.
You didn't know any spells.
Your spell library contained the following spells:

 Spells                   Type           Power      Damage    Failure   Level
 Ensorcelled Hibernation  Hex/Ice        0%         N/A       95%         2
 Passwall                 Tmut/Erth      0%         N/A       95%         2
 Swiftness                Air            0%         N/A       99%         3


Dungeon Overview and Level Annotations

Branches:
Dungeon (3/15)

Altars:


Innate Abilities, Weirdness & Mutations

You are immune to sickness and miasma.
Your stone body is resilient. (AC +3)
You are immune to poison.
You resist negative energy. (rN+)
You are resistant to electric shocks. (rElec)
You are resistant to unholy torment.
You are immune to petrification.


Message History

The magic dart hits you! The orc hits you but does no damage.
You block the orc wizard's attack.
You closely miss the orc.
The orc is heavily wounded.
The orc wizard closely misses you. The orc hits you but does no damage.
The orc wizard barely misses you.
You hit the orc.
The orc is severely wounded.
The orc wizard hits you with a +0 dagger.
The orc hits you with a +0 hand axe.
The orc wizard casts a spell.
The orc wizard flickers and vanishes!
Deactivating autopickup; reactivate with Ctrl-A.
The orc wizard hits you with a +0 dagger.
The orc hits you but does no damage. Something hits you.
You barely miss the orc.
The orc is severely wounded.
The orc wizard hits you but does no damage.
The orc barely misses you. Something hits you but does no damage.
You barely miss the orc.
The orc is severely wounded.
The orc wizard hits you with a +0 dagger.
Something hits you but does no damage. The orc hits you with a +0 hand axe.
* * * LOW HITPOINT WARNING * * *
You hit the orc.
The orc is almost dead.
The orc wizard hits you but does no damage.
The orc closely misses you.
You hear some strange, mumbled words.
You are confused.
You barely miss the orc.
The orc is almost dead.
The orc wizard points at you and mumbles some strange words.
The puff of flame hits you.
* * * LOW HITPOINT WARNING * * *
The orc hits you but does no damage. Something hits you.
* * * LOW HITPOINT WARNING * * *
The orc wizard casts a spell at you. The magic dart hits you!
You die...

#.##.#### ~~.≈
#..<....# #~≈≈≈
#.##.##|#...~~
# #.##.#..####
# #(..........
#...###.#..####
#.#.###)#..##
#......†#...#
###.#..@o...#
#....{o...#
(..!........#
##.##..........
## #..........
....#......
##.#.###.##.
#.#.# .#


You could see an orc wizard and an orc.

Vanquished Creatures
  Robin (D:2)
  2 adders (D:2)
  A worm (D:2)
  3 dart slugs
  3 endoplasms
  2 giant cockroaches
  14 goblins
  4 hobgoblins
  3 kobolds
  2 quokkas
  8 ball pythons
  4 bats
  5 frilled lizards
  7 rats
59 creatures vanquished.

Notes
Turn   | Place    | Note
-------+----------+-------------------------------------------
     0 | D:1      | Martska the Gargoyle Fighter began the quest for the Orb.
     0 | D:1      | Reached XP level 1. HP: 14/14 MP: 1/1
   231 | D:1      | Reached XP level 2. HP: 19/19 MP: 2/2
   718 | D:2      | Reached XP level 3. HP: 23/23 MP: 3/3
   734 | D:2      | Noticed Robin
   737 | D:2      | Reached skill level 1 in Dodging
   767 | D:2      | HP: 1/24 [goblin/+0 dagger (3)]
   778 | D:2      | HP: 1/24 [hobgoblin[Robin] (6)]
   781 | D:2      | Killed Robin
  1093 | D:2      | Reached XP level 4. HP: 29/29 MP: 4/4
  1299 | D:2      | Reached skill level 4 in Fighting
  1852 | D:3      | Killed from afar by an orc wizard

Illustrated notes

Levels and vault maps discovered:
D:1:      dpeg_arrival_three_smaller_balls, layout_rooms, minmay_tetromino_l4
D:2:      layout_loops_corners, serial_glass, glass_columns_a, glass_columns_a,
          glass_columns_a, glass_columns_b, glass_columns_a, glass_columns_a,
          minivault_25, uniq_robin
D:3:      layout_loops_ring, mainiacjoe_overflow_six_doors_small,
          kennysheep_slug_shrine

Skill      XL: |  1  2  3  4 |
---------------+-------------+-----
Dodging        | 1 |  1.5
Fighting       | 4 |  4.1
Maces & Flails | |  2.9
Armour         | |  3.6
Shields        | |  3.6

Action                     |  1- 3 |  4- 6 || total
---------------------------+-------+-------++-------
  Melee: Flail             |   118 |    83 ||   201
         Scimitar          |     8 |       ||     8
    Use: Potion            |     3 |       ||     3
 Armour: Scale mail        |   101 |    62 ||   163
  Dodge: Dodged            |    74 |    46 ||   120
  Block: Buckler           |    38 |    13 ||    51
